AoeStats
← tigremaster

Pilgrims

509744906Analyzed
3v3 RM · 5d ago on Sep 27, 2026· 31m 56s· 6 players
Game mode
Random Map
Map size
Normal (6 player)
Population
200
Speed
Normal
Resources
Standard
Victory
Conquest
Starting age
Dark Age
Ending age
Imperial Age
RankedLock teamsTeams togetherTeam positionsShared explorationLock speedFull tech treeHidden civsTurbo modeCheats
Victory
Defeat
🇺🇸 Vikings · United States
1242
+13
🇪🇨 Armenians · Ecuador
1167
+16
🇦🇷 Hindustanis · Argentina
1079
+21
🇸🇻 Spanish · El Salvador
1187
-17
🇦🇷 Dravidians · Argentina
1174
-17
🇲🇽 Portuguese · Mexico
1164
-16
tigremaster
13:00 Feudal Age
11:19 Loom
14:54 Wheelbarrow
14:09 Double-Bit Axe
14:09 Fishing Lines
14:26 Gold Mining
15:51 Fletching
16:03 Padded Archer Armor
18:51 Castle Age
17:42 Town Watch
19:19 Stone Mining
20:05 Medium Warships
20:59 Gillnets
21:55 Careening
21:56 Clinker Construction
22:13 Bow Saw
30:45 Imperial Age
29:34 Leather Archer Armor
29:53 Ballistics
30:02 Bodkin Arrow
30:11 Town Patrol
32:23 Heavy Warships
Nelware1
14:17 Feudal Age
13:04 Loom
15:07 Double-Bit Axe
16:59 Gold Mining
18:46 Fishing Lines
22:14 Castle Age
20:12 Stone Mining
20:24 Scale Mail Armor
20:34 Forging
19:47 Man-at-Arms
23:15 Medium Warships
24:48 Wheelbarrow
23:39 Long Swordsman
24:38 Bow Saw
24:24 Gillnets
25:45 Two-Handed Swordsman
28:03 Horse Collar
29:40 Gambesons
itzdartzz_
11:54 Feudal Age
10:11 Loom
13:00 Double-Bit Axe
14:20 Fletching
16:51 Stone Mining
16:51 Gold Mining
16:44 Horse Collar
17:06 Padded Archer Armor
19:45 Castle Age
17:30 Town Watch
19:10 Fishing Lines
20:55 Bow Saw
21:00 Bodkin Arrow
22:28 Ballistics
24:03 Careening
24:05 Clinker Construction
26:27 Gold Shaft Mining
32:38 Imperial Age
_Elite_
9:13 Loom
11:46 Feudal Age
12:25 Double-Bit Axe
19:19 Castle Age
21:25 Medium Warships
31:37 Wheelbarrow
30:47 Town Watch
(PNG) Adrogue_PR
4:35 Loom
12:19 Feudal Age
12:48 Double-Bit Axe
14:46 Fletching
21:00 Castle Age
21:53 Medium Warships
21:49 Bodkin Arrow
23:39 Wheelbarrow
26:48 Horse Collar
27:44 Bow Saw
29:33 Heavy Plow
Gonnar
10:26 Feudal Age
15:08 Castle Age
13:47 Double-Bit Axe
14:15 Fletching
17:36 Bodkin Arrow
19:27 Careening
19:27 Clinker Construction
24:03 Gold Mining
29:55 Imperial Age
31:01 Elite Caravel
Connection lost

Rejoining the realm…

Still unreachable

The connection could not be restored.

Session expired

The server has moved on; the page needs a fresh start.